 Dungeon Crawl Stone Soup version 0.24-a0-317-g5cb8de4 (webtiles) character file.

Game seed: 13153948802016087425

30 MisterFreud the Sneak (level 3, -2/15 HPs)
             Began as a Felid Transmuter on May 16, 2019.
             Slain by a kobold
             ... wielding a +1 whip of electrocution
              (12 damage)
             ... on level 2 of the Dungeon.
             The game lasted 00:02:37 (1348 turns).

MisterFreud the Sneak (Felid Transmuter)            Turns: 1348, Time: 00:02:38

Health: -2/15      AC:  1    Str:  6    XL:     3   Next: 5%
Magic:  7/7        EV: 16    Int: 15    God:
Gold:   78         SH:  0    Dex: 16    Spells: 3/6 levels left
                                        Lives:  0   Deaths: 0

rFire    . . .     SeeInvis +     - Unarmed
rCold    . . .     Gourm    .   (shield unavailable)
rNeg     . . .     Faith    .   (armour unavailable)
rPois    .         Spirit   .   (helmet unavailable)
rElec    .         Reflect  .   (cloak unavailable)
rCorr    .         Harm     .   (gloves unavailable)
MR       .....                  (boots unavailable)
Stlth    ++........             (no amulet)
HPRegen  0.05/turn              (no ring)
MPRegen  0.10/turn              (no ring)

@: heavily drained, quick
A: very small, no armour, no weapons or thrown items, stealth, claws 1, fangs 3,
see invisible, carnivore, speed 1, shaggy fur 1, slow metabolism 1, sharp paws
a: no special abilities


You were on level 2 of the Dungeon.
You were very full.

You visited 1 branch of the dungeon, and saw 2 of its levels.

You collected 78 gold pieces.

Inventory:

Missiles
 a - 29 arrows
Scrolls
 b - 2 scrolls of teleportation
 d - a scroll of immolation
Potions
 e - a potion of heal wounds
 f - a potion of ambrosia
Comestibles
 c - 7 rations


   Skills:
 - Level 1.0(0.0) Fighting
 - Level 2.6(1.0) Dodging
 * Level 3.3(1.7) Stealth
 - Level 3.0(1.3) Unarmed Combat
 - Level 2.0(0.4) Spellcasting
 + Level 2.8(1.2) Transmutations


You had 3 spell levels left.
You knew the following spells:

 Your Spells              Type           Power        Failure   Level  Hunger
a - Beastly Appendage     Tmut           #.....       16%         1    ##.....
b - Sticks to Snakes      Tmut           #.......     24%         2    ###....

Your spell library contained the following spells:

 Spells                   Type           Power        Failure   Level  Hunger
 Spider Form              Tmut/Pois      #.........   52%         3    ####...
 Ice Form                 Ice/Tmut       #.......     90%         4    #####..
 Blade Hands              Tmut           #.........   99%         5    ######.


Dungeon Overview and Level Annotations

Branches:
Dungeon (2/15)

Altars:


Innate Abilities, Weirdness & Mutations

You cannot wear armour.
You are incapable of wielding weapons or throwing items.
Your paws allow you to move quietly. (Stealth)
You have sharp claws.
You have razor-sharp teeth.
You have supernaturally acute eyesight. (SInv)
You are carnivorous and can eat meat at any time.
You cover ground quickly.
You are covered in fur. (AC +1)
You have a slow metabolism.
Your sharp claws are effective at attacking unaware monsters.


Message History

Confirm with . or Enter, or press ? or * to list all spells.
You grow a pair of large bovine horns.
You scratch the kobold.
The kobold is severely wounded.
The kobold closely misses you.
You scratch the kobold.
You kill the kobold!
You see here a +0 short sword.
Your transformation is almost over.
You open the door.
Magic restored.
A kobold comes into view.
It is wielding a +1 whip of electrocution.
There is an open door here.
You closely miss the kobold.
Your horns disappear.
The kobold closely misses you.
You closely miss the kobold.
The kobold hits you with a +1 whip of electrocution.
You are electrocuted!
Ouch! That really hurt!
You die...

###.##..............†..#
.......#######+#######.#
##.....# #.# .#.....#
#)# .#.....# #.#
.).....# #.# .......# #
#.## .......#
#+###.###+###[.#
.......+
......K@....'..#
#......#
#+###.###+###..#
.......# # #..# .......#
#..# .......# #..#
###.... #..# # #..# #..#


You could see a kobold.

Vanquished Creatures
  2 giant cockroaches
  3 hobgoblins
  A ball python (D:1)
  6 bats
  A frilled lizard (D:1)
  4 goblins
  5 kobolds
  3 rats
25 creatures vanquished.

Vanquished Creatures (collateral kills)
  An adder (D:2)
1 creature vanquished.

Grand Total: 26 creatures vanquished

Notes
Turn   | Place    | Note
-------+----------+-------------------------------------------
     0 | D:1      | MisterFreud the Felid Transmuter began the quest for the
                  | Orb.
     0 | D:1      | Reached XP level 1. HP: 9/9 MP: 4/4
    62 | D:1      | Reached skill level 1 in Stealth
   241 | D:1      | Reached XP level 2. HP: 12/12 MP: 4/6
   872 | D:2      | Learned a level 2 spell: Sticks to Snakes
  1079 | D:2      | Reached XP level 3. HP: 5/15 MP: 7/7
  1348 | D:2      | Slain by a kobold

Levels and vault maps discovered:
D:1:      minmay_arrival_jagged, layout_basic, minmay_indecisive_spiral
D:2:      layout_basic, nicolae_overflow_hidden_temple, first_ration,
          minmay_door_square

Skill      XL: |  1  2 |
---------------+-------+-----
Stealth        | 2 3 |  3.3
Fighting       | |  1.0
Dodging        | |  2.6
Unarmed Combat | |  3.0
Spellcasting   | |  2.0
Transmutations | |  2.8

Action                   || total
-------------------------++-------
Melee: Unarmed           ||    64
       Headbutt          ||     7
       Bite              ||     2
 Cast: Beastly Appendage ||     9
       Sticks to Snakes  ||     1
  Use: Scroll            ||     7
       Potion            ||     1
 Stab: Sleeping          ||     7
  Eat: Chunk             ||     6
Armor: Skin              ||     3
Dodge: Dodged            ||    44

Table legend:
 A = Non-vault XP
 B = Vault XP
 C = Vault XP percentage of total XP
 D = Non-vault monster count
 E = Vault monster count
 F = Vault count percentage of total count
                 A         B        C        D         E       F
            +---------+---------+-------+---------+---------+-------
      Total |      39 |       5 |  11.4 |      22 |       4 |  15.4
            +---------+---------+-------+---------+---------+-------
        D:1 |      11 |       5 |  31.2 |       8 |       4 |  33.3
        D:2 |      28 |       0 |   0.0 |      14 |       0 |   0.0
            +---------+---------+-------+---------+---------+-------
